 Dungeon Crawl Stone Soup version 0.25-a0-869-g05d4e06a41 (webtiles) character file.

Game seed: 17401297084490592795, levelgen mode: deterministic

4373 gruber the Martial Artist (level 10, -4/91 HPs)
             Began as a Gnoll Transmuter on Apr 30, 2020.
             Was a Priest of Okawaru.
             Slain by a hornet (7 damage)
             ... on level 9 of the Dungeon.
             The game lasted 00:13:35 (8458 turns).

gruber the Martial Artist (Gnoll Transmuter)        Turns: 8458, Time: 00:13:36

Health: -4/91      AC:  6    Str: 13    XL:     10   Next: 34%
Magic:  25/29      EV: 14    Int: 18    God:    Okawaru [***...]
Gold:   445        SH:  0    Dex: 16    Spells: 13/23 levels left

rFire    x . .     SeeInvis .     - Unarmed
rCold    + + +     Gourm    .   (shield currently unavailable)
rNeg     . . .     Faith    .   (armour currently unavailable)
rPois    +         Spirit   .   (helmet currently unavailable)
rElec    .         Reflect  .   (cloak currently unavailable)
rCorr    .         Harm     .   (gloves currently unavailable)
MR       .....                  (boots currently unavailable)
Stlth    +++.......             h - amulet of magic regeneration
HPRegen  0.25/turn              e - ring of flight
MPRegen  0.46/turn              k - ring of magical power

@: lethally poisoned (-4 -> -10), ice-form, slowed, very slow
A: large, distributed training, strong nose
a: End Transformation, Heroism, Renounce Religion, Evoke Flight


You were on level 9 of the Dungeon.
You worshipped Okawaru.
Okawaru was most pleased with you.
You were hungry.
You were a creature of crystalline ice.
You visited 2 branches of the dungeon, and saw 10 of its levels.

You collected 445 gold pieces.

Inventory:

Missiles
 a - 62 arrows
 b - 6 boomerangs of dispersal
 q - 52 poisoned darts (quivered)
Armour
 m - a +1 helmet (melded)
 p - a +2 buckler (melded)
 t - a +2 leather armour of magic resistance (melded)
 w - a +0 pair of gloves (melded)
 B - a +0 pair of boots (melded)
 H - the +6 plate armour "Deox" {rElec Str+2}
   (You found it on level 7 of the Dungeon)

   It affects your strength (+2).
   It insulates you from electricity.
Jewellery
 e - a ring of flight (left front paw)
 h - an amulet of magic regeneration (around neck)
 k - a ring of magical power (right front paw)
Wands
 r - a wand of random effects (8)
 x - a wand of flame (26)
 F - a wand of digging (1)
 G - a wand of paralysis (12)
Scrolls
 g - 7 scrolls of identify
 l - a scroll of noise
 y - a scroll of teleportation {unknown}
 A - a scroll of fog
 E - 3 scrolls of magic mapping
 I - a scroll of fear {unknown}
Potions
 c - 2 potions of ambrosia {unknown}
 f - 2 potions of flight {unknown}
 i - a potion of cancellation {unknown}
 j - a potion of stabbing {unknown}
 n - 3 potions of heal wounds {unknown}
 o - 2 potions of berserk rage {unknown}
 s - 2 potions of degeneration {unknown}
 u - 4 potions of curing {unknown}
 v - a potion of might {unknown}
 z - a potion of mutation {unknown}
 C - a potion of haste {unknown}
 D - a potion of brilliance {unknown}
Comestibles
 d - 26 rations


   Skills:
 + Level 5.8 Fighting
 + Level 5.1 Short Blades
 + Level 5.1 Long Blades
 + Level 5.1 Axes
 + Level 5.1 Maces & Flails
 + Level 5.1 Polearms
 + Level 5.1 Staves
 + Level 5.1 Slings
 + Level 5.1 Bows
 + Level 5.1 Crossbows
 + Level 5.1 Throwing
 + Level 5.1 Armour
 + Level 6.9 Dodging
 + Level 5.1 Stealth
 + Level 5.1 Shields
 + Level 8.4 Unarmed Combat
 + Level 7.2 Spellcasting
 + Level 4.2 Conjurations
 + Level 4.2 Hexes
 + Level 4.2 Charms
 + Level 4.2 Summonings
 + Level 4.2 Necromancy
 + Level 4.2 Translocations
 + Level 5.7 Transmutations
 + Level 4.2 Fire Magic
 + Level 4.2 Ice Magic
 + Level 4.2 Air Magic
 + Level 4.2 Earth Magic
 + Level 4.2 Poison Magic
 + Level 5.6 Invocations
 + Level 5.1 Evocations


You had 13 spell levels left.
You knew the following spells:

 Your Spells              Type           Power        Failure   Level  Hunger
a - Beastly Appendage     Tmut           ####..       1%          1    None
b - Sticks to Snakes      Tmut           ####....     1%          2    None
c - Spider Form           Tmut/Pois      ###.......   4%          3    #......
d - Ice Form              Ice/Tmut       ###.....     14%         4    ###....

Your spell library contained the following spells:

 Spells                   Type           Power        Failure   Level  Hunger
 Foxfire                  Conj/Fire      ###.         1%          1    None
 Sandblast                Erth           ###...       1%          1    None
 Passwall                 Tmut/Erth      ###.....     1%          2    None
 Conjure Flame            Conj/Fire      ###.....     5%          3    #......
 Inner Flame              Hex/Fire       ###.....     5%          3    #......
 Stone Arrow              Conj/Erth      ###...       5%          3    #......
 Petrify                  Tmut/Erth      ###.....     14%         4    ###....
 Sticky Flame             Conj/Fire      ###.....     19%         4    ###....
 Blade Hands              Tmut           ####......   26%         5    #####..
 Fireball                 Conj/Fire      ###.......   45%         5    #####..
 Lee's Rapid Deconstruct  Erth           ###.......   45%         5    #####..


Dungeon Overview and Level Annotations

Branches:
Dungeon (9/15)             Temple (1/1) D:5
   Lair: D:8-11         Orc: D:9-12

Altars:
Ashenzari
Cheibriados
Dithmenos
Elyvilon
Fedhas
Gozag
Kikubaaqudgha
Makhleb
Nemelex Xobeh
Okawaru
Sif Muna
Trog
Uskayaw
Vehumet
Wu Jian
Xom
Yredelemnul
Zin
The Shining One

Shops:
D:8 %


Innate Abilities, Weirdness & Mutations

Your experience applies equally to all skills.
((You have very sharp teeth.))
Your uncanny sense of smell can sniff out nearby items.


Message History

You can move again.
Unknown command.
Unknown command.
Unknown command.
Casting: Ice Form (mildly dangerous; 17% risk of failure)
Confirm with . or Enter, or press ? or * to list all spells.
You turn into a creature of crystalline ice.
Your +1 helmet melds into your body.
Your +0 pair of gloves melds into your body.
Your +0 pair of boots melds into your body.
Your +2 buckler melds into your body.
Your +2 leather armour of magic resistance melds into your body.
You feel less resistant to hostile enchantments.
The hornet stings you!
* * * LOW HITPOINT WARNING * * *
The hornet stings you.
* * * LOW HITPOINT WARNING * * *
You are lethally poisoned!
The hornet stings you!
You die...

...#..# #...(.......
...#..# #..........
......#####........#
...................#
.........#.........#
...##..#...........#
...##..#.###+###...####...
...##..#.# # #y.........
...##..#.###.###Y.........
... #..#o###_..)......>...
. #..#.###.###..........
#.. .# # #..........
#.......... ...........
##........## ##[......#
.......


You could see a hornet.

Vanquished Creatures
  Erica (D:9)
  A centaur skeleton (D:8)
  Sigmund (D:5)
  2 orc warriors
  An ice beast (D:6)
  A black bear (D:9)
  2 sky beasts (D:8)
  A phantom (D:8)
  7 ogres
  5 bullfrogs
  A scorpion (D:4)
  7 killer bees
  A crimson imp (D:5)
  4 hounds
  4 orc priests
  2 jellies
  Jessica (D:4)
  4 iguanas
  Natasha (thrice) (D:2)
  9 orc wizards
  9 worker ants
  A hound zombie (D:5)
  A hound skeleton (D:4)
  Robin (D:3)
  A worker ant zombie (D:9)
  10 adders
  7 gnolls
  3 shadow imps
  2 oozes
  2 adder zombies (D:9)
  3 adder skeletons
  6 worms
  6 dart slugs
  3 leopard geckos
  26 orcs
  A ball python (D:1)
  2 bats
  3 giant cockroaches
  16 goblins
  10 hobgoblins
  4 jackals (D:5)
  9 kobolds
  5 quokkas
  5 frilled lizards
  A quokka skeleton (D:5)
  8 rats
203 creatures vanquished.

Vanquished Creatures (collateral kills)
  A goblin (D:1)
1 creature vanquished.

Grand Total: 204 creatures vanquished

Notes
Turn   | Place    | Note
-------+----------+-------------------------------------------
     0 | D:1      | gruber the Gnoll Transmuter began the quest for the Orb.
     0 | D:1      | Reached XP level 1. HP: 17/17 MP: 6/6
    25 | D:1      | Reached XP level 2. HP: 21/23 MP: 5/7
   186 | D:1      | Learned a level 2 spell: Sticks to Snakes
   337 | D:1      | Reached XP level 3. HP: 7/28 MP: 5/9
   569 | D:1      | Reached skill level 5 in Spellcasting
   574 | D:1      | Learned a level 3 spell: Spider Form
   904 | D:2      | Reached skill level 1 in Invocations
   950 | D:2      | Reached skill level 1 in Short Blades
   950 | D:2      | Reached skill level 1 in Long Blades
   950 | D:2      | Reached skill level 1 in Axes
   950 | D:2      | Reached skill level 1 in Maces & Flails
   950 | D:2      | Reached skill level 1 in Polearms
   950 | D:2      | Reached skill level 1 in Staves
   950 | D:2      | Reached skill level 1 in Slings
   950 | D:2      | Reached skill level 1 in Bows
   950 | D:2      | Reached skill level 1 in Crossbows
   950 | D:2      | Reached skill level 1 in Throwing
   950 | D:2      | Reached skill level 1 in Armour
   950 | D:2      | Reached skill level 1 in Stealth
   950 | D:2      | Reached skill level 1 in Shields
   950 | D:2      | Reached skill level 1 in Evocations
   958 | D:2      | Reached XP level 4. HP: 28/34 MP: 6/11
  1060 | D:2      | Found a radiant altar of Vehumet.
  1119 | D:2      | Reached skill level 1 in Conjurations
  1119 | D:2      | Reached skill level 1 in Hexes
  1119 | D:2      | Reached skill level 1 in Charms
  1119 | D:2      | Reached skill level 1 in Summonings
  1119 | D:2      | Reached skill level 1 in Necromancy
  1119 | D:2      | Reached skill level 1 in Translocations
  1119 | D:2      | Reached skill level 1 in Fire Magic
  1119 | D:2      | Reached skill level 1 in Ice Magic
  1119 | D:2      | Reached skill level 1 in Air Magic
  1119 | D:2      | Reached skill level 1 in Earth Magic
  1119 | D:2      | Reached skill level 1 in Poison Magic
  1202 | D:2      | Noticed Natasha
  1210 | D:2      | Killed Natasha
  1210 | D:2      | Reached XP level 5. HP: 35/40 MP: 12/12
  1224 | D:2      | Learned a level 4 spell: Ice Form
  1371 | D:2      | Noticed Natasha
  1490 | D:2      | Killed Natasha
  1736 | D:2      | Noticed Natasha
  1743 | D:2      | Killed Natasha
  2011 | D:3      | Noticed Robin
  2025 | D:3      | Killed Robin
  2026 | D:3      | Reached XP level 6. HP: 43/47 MP: 13/13
  2203 | D:3      | Found a hide-covered altar of Uskayaw.
  2736 | D:4      | Reached skill level 5 in Dodging
  3241 | D:4      | Reached XP level 7. HP: 46/52 MP: 15/15
  3441 | D:4      | Found a glowing silver altar of Zin.
  3457 | D:4      | Reached skill level 7 in Unarmed Combat
  3788 | D:4      | Noticed Jessica
  3796 | D:4      | Killed Jessica
  3808 | D:4      | Found a shimmering blue altar of Sif Muna.
  3988 | D:5      | Entered Level 5 of the Dungeon
  3988 | D:5      | Found a staircase to the Ecumenical Temple.
  3988 | D:5      | Noticed Sigmund
  4562 | D:5      | Reached XP level 8. HP: 60/60 MP: 16/16
  4612 | D:5      | Killed Sigmund
  4755 | Temple   | Entered the Ecumenical Temple
  4962 | D:5      | Found a shimmering altar of Xom.
  6282 | D:7      | Got a steaming plate armour
  6283 | D:7      | Identified the +6 plate armour "Deox" {rElec Str+2} (You
                  | found it on level 7 of the Dungeon)
  6685 | D:7      | Reached XP level 9. HP: 29/66 MP: 18/18
  6886 | D:7      | Reached skill level 5 in Transmutations
  7156 | D:8      | Found an iron altar of Okawaru.
  7237 | D:8      | Became a worshipper of Warmaster Okawaru
  7331 | D:8      | Reached skill level 5 in Fighting
  7418 | D:8      | Reached * piety under Okawaru
  7419 | D:8      | Found Featiush's Food Shop.
  7551 | D:8      | Reached skill level 8 in Unarmed Combat
  7634 | D:8      | Found a shadowy altar of Dithmenos.
  7647 | D:8      | Reached skill level 5 in Invocations
  7667 | D:8      | Found a white marble altar of Elyvilon.
  7860 | D:8      | Reached ** piety under Okawaru
  8035 | D:9      | Noticed Erica
  8046 | D:9      | Killed Erica
  8046 | D:9      | Reached *** piety under Okawaru
  8046 | D:9      | Reached XP level 10. HP: 75/75 MP: 20/20
  8114 | D:9      | Reached skill level 5 in Short Blades
  8114 | D:9      | Reached skill level 5 in Long Blades
  8114 | D:9      | Reached skill level 5 in Axes
  8114 | D:9      | Reached skill level 5 in Maces & Flails
  8114 | D:9      | Reached skill level 5 in Polearms
  8114 | D:9      | Reached skill level 5 in Staves
  8114 | D:9      | Reached skill level 5 in Slings
  8114 | D:9      | Reached skill level 5 in Bows
  8114 | D:9      | Reached skill level 5 in Crossbows
  8114 | D:9      | Reached skill level 5 in Throwing
  8114 | D:9      | Reached skill level 5 in Armour
  8114 | D:9      | Reached skill level 5 in Stealth
  8114 | D:9      | Reached skill level 5 in Shields
  8114 | D:9      | Reached skill level 5 in Evocations
  8172 | D:9      | Found an opulent altar of Gozag.
  8384 | D:9      | Found a sparkling altar of Nemelex Xobeh.
  8455 | D:9      | Paralysed by a hornet for 3 turns
  8458 | D:9      | HP: 4/91 [hornet (9)]
  8458 | D:9      | Slain by a hornet

Levels and vault maps discovered:
D:1:      saegor_arrival_simple_c, layout_basic, minmay_misc_feat_five
D:2:      layout_rooms, vehumet_crystals, first_ration, corexii_shack,
          uniq_natasha
D:3:      layout_loops_cross, nicolae_overflow_hidden_temple, uniq_robin
D:4:      layout_cave_pools, tgw_sif, old_standard_altar, minmay_box_of_dots
D:5:      layout_basic, nicolae_overflow_crystal_walls, temple_fountains,
          uniq_sigmund
D:6:      layout_gridville
D:7:      layout_rooms, grunt_ogre_cave
D:8:      layout_loops_corners, lemuel_coloured_pillars_altar,
          overflow_temple_1_default, overflow_temple_1_default, serial_shops,
          shop, minmay_misc_feat_hallway, grunt_ministairs_9
D:9:      layout_long_grid, grunt_gozag_breadcrumbs, lemuel_doored_altar,
          uniq_erica
Temple:   compressed_dpeg_triangle_lava_temple

Skill      XL: |  1  2  3  4  5  6  7  8  9 10 |
---------------+-------------------------------+-----
Spellcasting   | 5 6 7 |  7.2
Invocations    | 1 2 3 4 5 |  5.6
Short Blades   | 1 2 3 4 5 |  5.1
Long Blades    | 1 2 3 4 5 |  5.1
Axes           | 1 2 3 4 5 |  5.1
Maces & Flails | 1 2 3 4 5 |  5.1
Polearms       | 1 2 3 4 5 |  5.1
Staves         | 1 2 3 4 5 |  5.1
Slings         | 1 2 3 4 5 |  5.1
Bows           | 1 2 3 4 5 |  5.1
Crossbows      | 1 2 3 4 5 |  5.1
Throwing       | 1 2 3 4 5 |  5.1
Armour         | 1 2 3 4 5 |  5.1
Stealth        | 1 2 3 4 5 |  5.1
Shields        | 1 2 3 4 5 |  5.1
Evocations     | 1 2 3 4 5 |  5.1
Conjurations   | 1 2 3 4 |  4.2
Hexes          | 1 2 3 4 |  4.2
Charms         | 1 2 3 4 |  4.2
Summonings     | 1 2 3 4 |  4.2
Necromancy     | 1 2 3 4 |  4.2
Translocations | 1 2 3 4 |  4.2
Fire Magic     | 1 2 3 4 |  4.2
Ice Magic      | 1 2 3 4 |  4.2
Air Magic      | 1 2 3 4 |  4.2
Earth Magic    | 1 2 3 4 |  4.2
Poison Magic   | 1 2 3 4 |  4.2
Fighting       | 3 4 5 |  5.8
Transmutations | 4 5 |  5.7
Dodging        | 5 6 |  6.9
Unarmed Combat | 7 8 |  8.4

Action                   |  1- 3 |  4- 6 |  7- 9 | 10-12 || total
-------------------------+-------+-------+-------+-------++-------
Melee: Unarmed           |    76 |   166 |   313 |    60 ||   615
       Kick              |     7 |       |     3 |       ||    10
       Punch             |     2 |     1 |       |       ||     3
       Bite              |     2 |     6 |     3 |     1 ||    12
       Headbutt          |     1 |       |       |       ||     1
 Cast: Beastly Appendage |     7 |     1 |     1 |       ||     9
       Sticks to Snakes  |     1 |       |       |       ||     1
       Spider Form       |     2 |    17 |    24 |     4 ||    47
       Ice Form          |       |     1 |     7 |     2 ||    10
Invok: Heroism           |       |       |       |     1 ||     1
Evoke: Wand              |       |       |     2 |       ||     2
  Use: Scroll            |       |       |     7 |       ||     7
 Stab: Sleeping          |     3 |       |    13 |     2 ||    18
       Distracted        |     1 |       |       |       ||     1
       Paralysed         |       |       |     5 |       ||     5
  Eat: Chunk             |       |     9 |    15 |     1 ||    25
       Ration            |       |       |     1 |       ||     1
Armor: Robe              |     9 |     1 |       |       ||    10
       Skin              |       |     1 |    20 |     3 ||    24
       Leather armour    |       |       |     8 |     2 ||    10
Dodge: Dodged            |    54 |   130 |   190 |    49 ||   423
Block: Buckler           |       |     2 |     9 |     1 ||    12

Table legend:
 A = Non-vault XP
 B = Vault XP
 C = Vault XP percentage of total XP
 D = Non-vault monster count
 E = Vault monster count
 F = Vault count percentage of total count
                 A         B        C        D         E       F
            +---------+---------+-------+---------+---------+-------
      Total |    4881 |    1367 |  21.9 |     183 |      21 |  10.3
            +---------+---------+-------+---------+---------+-------
        D:1 |      48 |       0 |   0.0 |      25 |       0 |   0.0
        D:2 |     179 |      38 |  17.5 |      26 |       2 |   7.1
        D:3 |     112 |      38 |  25.3 |      17 |      12 |  41.4
        D:4 |     520 |      44 |   7.8 |      23 |       3 |  11.5
        D:5 |     531 |     231 |  30.3 |      25 |       1 |   3.8
        D:6 |     141 |       0 |   0.0 |       2 |       0 |   0.0
        D:7 |     512 |     122 |  19.2 |      19 |       1 |   5.0
        D:8 |    2036 |       2 |   0.1 |      30 |       1 |   3.2
        D:9 |     802 |     892 |  52.7 |      16 |       1 |   5.9
            +---------+---------+-------+---------+---------+-------
